 Dungeon Crawl Stone Soup version 0.29.1-15-g9cfb28693d (webtiles) character file.

Game seed: 10507466033404040044

47 Smoke131 the Trooper (level 3, 37/37 HPs)
             Began as an Ogre Gladiator on Feb 28, 2023.
             Quit the game on level 3 of the Dungeon.
             The game lasted 00:03:46 (1931 turns).

Smoke131 the Trooper (Ogre Gladiator)               Turns: 1931, Time: 00:03:46

Health: 37/37      AC:  3    Str: 20    XL:     3   Next: 70%
Magic:  3/3        EV: 10    Int:  9    God:
Gold:   103        SH:  0    Dex: 10    Spells: 2/2 levels left

rFire   . . .      SeeInvis .   a - +0 war axe
rCold   . . .      Faith    .   (no shield)
rNeg    . . .      Spirit   .   b - +0 robe
rPois   .          Reflect  .   c - +0 hat
rElec   .          Harm     .   (no cloak)
rCorr   .          Rampage  .   (gloves unavailable)
Will    .....                   (boots unavailable)
Stlth   +.........              (no amulet)
HPRegen 0.12/turn               (no ring)
MPRegen 0.08/turn               (no ring)

@: no status effects
A: large, unfitting armour, tough skin 1
a: no special abilities


You were on level 3 of the Dungeon.
You visited 1 branch of the dungeon, and saw 3 of its levels.

You collected 103 gold pieces.

Inventory:

Hand Weapons
 a - a +0 war axe (weapon)
Missiles
 d - 3 throwing nets (quivered)
 e - a large rock
 i - 33 stones
Armour
 b - a +0 robe (worn)
 c - a +0 hat (worn)
Jewellery
 g - a ring of resist corrosion
 m - a ring of positive energy
 p - a ring of flight
Scrolls
 f - a scroll of magic mapping {unknown}
 h - 2 scrolls of enchant weapon {unknown}
 j - 2 scrolls of identify {unknown}
 n - a scroll of vulnerability {unknown}
 o - a scroll of enchant armour {unknown}
Potions
 k - a potion of mutation {unknown}
 l - a potion of berserk rage {unknown}


   Skills:
 + Level 3.5 Fighting
 + Level 3.5 Axes
 + Level 2.6 Throwing
 - Level 3.0 Dodging


You had 2 spell levels left.
You didn't know any spells.
Your spell library contained the following spells:

 Spells                   Type           Power      Damage    Failure   Level
 Shock                    Conj/Air       0%         1d3       38%         1
 Dazzling Flash           Conj/Hex       0%         N/A       77%         3
 Iskenderun's Mystic Bla  Conj/Tloc      0%         2d3       99%         4
 Starburst                Conj/Fire      0%         6d3       100%        6


Dungeon Overview and Level Annotations

Branches:
Dungeon (3/15)

Altars:

Shops:
D:1 (

Annotations:
D:3 3 runed translucent doors, dudediamond6's ghost, amateur DrCj


Innate Abilities, Weirdness & Mutations

You are too large for most types of armour.
You have tough skin. (AC +1)


Message History

You see here a staff of fire.
Found a stone staircase leading down.
There is a stone staircase leading down here.
p - a ring of flight You see here a +0 robe.
A hobgoblin comes into view.
The hobgoblin shouts!
You hit the hobgoblin.
The hobgoblin is heavily wounded.
The hobgoblin hits you.
You hit the hobgoblin.
The hobgoblin is almost dead.
The hobgoblin hits you. x2
You hit the hobgoblin but do no damage.
The hobgoblin is almost dead.
The hobgoblin hits you.
You slash the hobgoblin!
You kill the hobgoblin!
You see here a hobgoblin corpse.
Found a club.
Found a falchion.
There is a stone staircase leading down here.
There is a stone staircase leading up here.
Done exploring.
There is a stone staircase leading down here.
You climb downwards.
The kobold shouts! x3
Dudediamond6's ghost turns its malevolent gaze towards you.
You hear a shout!
Found a scroll labelled JIMEUK VAFEU and a purple potion.
There is a stone staircase leading up here.
Save game and exit?
Level annotation: 3 runed translucent doors, dudediamond6's ghost, amateur DrCj Welcome back, Smoke131 the Ogre Gladiator.
Press ? for a list of commands and other information.
Save game and exit?
Level annotation: 3 runed translucent doors, dudediamond6's ghost, amateur DrCj Welcome back, Smoke131 the Ogre Gladiator.
Press ? for a list of commands and other information.
Are you sure you want to abandon this character and quit the game? (Confirm with "yes".)

# .?########
.........# ###
.........#.....
.......@....#
............#
............#
............#
#+++##.+#...#
K...K## ...#
#K..#K !...
.#W#.⌠ .....


You could see dudediamond6's ghost and 4 kobolds.

Vanquished Creatures
  A gnoll (D:1)
  A dart slug (D:2)
  3 ball pythons
  4 bats
  2 giant cockroaches (D:1)
  7 goblins
  4 hobgoblins
  A quokka (D:1)
  2 frilled lizards
  3 kobolds
  4 rats
32 creatures vanquished.

Vanquished Creatures (others)
  2 fungi (D:1)
  A plant (D:1)
3 creatures vanquished.

Grand Total: 35 creatures vanquished

Notes
Turn   | Place    | Note
-------+----------+-------------------------------------------
     0 | D:1      | Smoke131 the Ogre Gladiator began the quest for the Orb.
     0 | D:1      | Reached XP level 1. HP: 22/22 MP: 1/1
   109 | D:1      | Found a faded altar of an unknown god.
   176 | D:1      | Got Plato's Anthology of Ozone
   236 | D:1      | Reached XP level 2. HP: 26/29 MP: 2/2
   581 | D:1      | Reached XP level 3. HP: 37/37 MP: 3/3
   706 | D:1      | Found Vexeocy's Antique Weapon Boutique.
  1930 | D:3      | Noticed dudediamond6's ghost (amateur DrCj)
  1930 | D:3      | Found a runed translucent gate.
  1930 | D:3      | Found a runed translucent gate.
  1930 | D:3      | Found a runed translucent gate.
  1931 | D:3      | Quit the game

Illustrated notes

Levels and vault maps discovered:
D:1:      saegor_arrival_simple_b, layout_basic,
          shapermc_ecumenical_altar_rom_forum, serial_shops, nicolae_shop_trees,
          minmay_misc_feat_roman
D:2:      layout_rooms, serial_aquarium, aquarium_bridge_island_small
          [aquarium_subvault_small_open, aquarium_subvault_bridge,
          aquarium_subvault_window, aquarium_subvault_window,
          aquarium_subvault_bridge], aquarium_bridge_square
          [aquarium_subvault_balcony, aquarium_subvault_bridge,
          aquarium_subvault_window, aquarium_subvault_bridge],
          aquarium_window_fake, aquarium_window_2, aquarium_view_2c,
          aquarium_view_2b, minmay_crystal_room, serial_park_tiny_1
D:3:      minmay_chambers_of_twos, layout_basic, gammafunk_ghost_nasty_kobolds,
          kennysheep_generic_room_15, uniq_robin, uniq_sigmund, uniq_natasha

Skill      XL: |  1  2 |
---------------+-------+-----
Fighting       | 3 |  3.5
Dodging        | 3 |  3.0
Axes           | |  3.5
Throwing       | |  2.6

Action                   || total
-------------------------++-------
Melee: War axe           ||    98
Armor: Robe              ||    29
Dodge: Dodged            ||    71
